 Dungeon Crawl Stone Soup version 0.28-a0-726-g4a9143789a (webtiles) character file.

Game seed: 14928307610553160997

65 kae the Sneak (level 3, -1/17 HPs)
             Began as a Spriggan Enchanter on Oct 27, 2021.
             Killed from afar by Sigmund (3 damage)
             ... with a puff of flame
             ... on level 2 of the Dungeon.
             The game lasted 00:02:04 (2090 turns).

kae the Sneak (Spriggan Enchanter)                  Turns: 2090, Time: 00:02:05

Health: -1/17      AC:  3    Str:  5    XL:     3   Next: 94%
Magic:  0/8        EV: 17    Int: 16    God:
Gold:   8          SH:  0    Dex: 15    Spells: 6/8 levels left

rFire   . . .      SeeInvis +   a - +1 dagger
rCold   . . .      Faith    .   (shield restricted)
rNeg    . . .      Spirit   .   b - +0 robe
rPois   .          Reflect  .   (helmet restricted)
rElec   .          Harm     .   g - +0 cloak
rCorr   .          Rampage  .   (gloves unavailable)
Will    .....                   (boots unavailable)
Stlth   +++.......              (no amulet)
HPRegen 0.05/turn               (no ring)
MPRegen 0.11/turn               (no ring)

@: very slightly contaminated, invisible, very quick
A: very small, no large weapons, unfitting armour, see invisible, speed 3
a: no special abilities


You were on level 2 of the Dungeon.
You visited 1 branch of the dungeon, and saw 2 of its levels.

You collected 8 gold pieces.

Inventory:

Hand Weapons
 a - a +1 dagger (weapon)
Armour
 b - a +0 robe (worn)
 g - a +0 cloak (worn)
Jewellery
 i - a ring of wizardry
 k - a ring of ice
Scrolls
 d - 2 scrolls of fear {unknown}
 e - 3 scrolls of identify {unknown}
 f - a scroll of amnesia {unknown}
 j - a scroll of teleportation {unknown}
 l - 2 scrolls of immolation {unknown}
Potions
 h - 2 potions of lignification {unknown}


   Skills:
 + Level 0.7 Fighting
 * Level 2.6 Short Blades
 + Level 3.2 Dodging
 + Level 4.9 Stealth
 + Level 3.1 Spellcasting
 + Level 4.0 Hexes


You had 6 spell levels left.
You knew the following spells:

 Your Spells              Type           Power      Damage    Failure   Level
a - Ensorcelled Hibernat  Hex/Ice        16%        N/A       12%         2

Your spell library contained the following spells:

 Spells                   Type           Power      Damage    Failure   Level
 Confusing Touch          Hex            15%        N/A       11%         3
 Tukima's Dance           Hex            15%        N/A       11%         3
 Dazzling Flash           Conj/Hex       16%        N/A       24%         3


Dungeon Overview and Level Annotations

Branches:
Dungeon (2/15)

Altars:

Shops:
D:1 :

Annotations:
D:2 Robin, Sigmund


Innate Abilities, Weirdness & Mutations

You are very small and have problems with some larger weapons.
You are too small for most types of armour.
You have supernaturally acute eyesight. (SInv)
You cover ground extremely quickly. (Speed+++)


Message History

Confirm with . or Enter, or press ? or * to list all spells.
Aiming: Ensorcelled Hibernation (safe; 12% risk of failure)
Press: ? - help, Shift-Dir - straight line, f - Sigmund
Aim: Sigmund, wielding a +0 vorpal scythe and wearing a +0 robe (chance to affect: 49%) Sigmund resists with some effort.
Sigmund barely misses you.
Casting: Ensorcelled Hibernation (safe; 12% risk of failure)
Confirm with . or Enter, or press ? or * to list all spells.
Aiming: Ensorcelled Hibernation (safe; 12% risk of failure)
Press: ? - help, Shift-Dir - straight line, f/p - Sigmund
Aim: Sigmund, wielding a +0 vorpal scythe and wearing a +0 robe (chance to affect: 49%) Sigmund resists with some effort.
Sigmund hits you with a +0 vorpal scythe!
Casting: Ensorcelled Hibernation (safe; 12% risk of failure)
Confirm with . or Enter, or press ? or * to list all spells.
Aiming: Ensorcelled Hibernation (safe; 12% risk of failure)
Press: ? - help, Shift-Dir - straight line, f/p - Sigmund
Aim: Sigmund, wielding a +0 vorpal scythe and wearing a +0 robe (chance to affect: 49%) Sigmund resists with some effort.
Casting: Ensorcelled Hibernation (safe; 12% risk of failure)
Confirm with . or Enter, or press ? or * to list all spells.
Aiming: Ensorcelled Hibernation (safe; 12% risk of failure)
Press: ? - help, Shift-Dir - straight line, f/p - Sigmund
Aim: Sigmund, wielding a +0 vorpal scythe and wearing a +0 robe (chance to affect: 49%) Sigmund looks drowsy...
Casting: Ensorcelled Hibernation (safe; 12% risk of failure)
Confirm with . or Enter, or press ? or * to list all spells.
You don't have enough magic to cast this spell.
The helpless Sigmund fails to defend himself.
You impale Sigmund!!
Sigmund is almost dead.
Sigmund says, "Look into my eyes."
Sigmund hits you with a +0 vorpal scythe.
* * * LOW HITPOINT WARNING * * *
x2 You fade into invisibility!
You are very lightly contaminated with residual magic.
You hit Sigmund but do no damage.
Sigmund is almost dead.
Sigmund points at you and mumbles some strange words.
The puff of flame hits you.
You die...

... ..>#
....#+#+#######
##........!...#
###.............# #..
#...........# #.
...##......@...# #.
...........@...#
##'######..........#
#..................#
#...................#
#.........#########.#
#......###....# ##
#.....#.......#
#....##.......#


You could see Sigmund.

Vanquished Creatures
  2 adders (D:2)
  3 dart slugs
  5 endoplasms (D:1)
  9 goblins
  3 hobgoblins
  6 jackals
  A quokka (D:2)
  3 ball pythons
  A bat (D:2)
  A frilled lizard (D:2)
  2 kobolds (D:1)
  3 rats
39 creatures vanquished.

Vanquished Creatures (others)
  8 demonic plants (D:2)
  7 fungi (D:2)
  7 plants (D:2)
  5 withered plants (D:2)
27 creatures vanquished.

Grand Total: 66 creatures vanquished

Notes
Turn   | Place    | Note
-------+----------+-------------------------------------------
     0 | D:1      | kae the Spriggan Enchanter began the quest for the Orb.
     0 | D:1      | Reached XP level 1. HP: 9/9 MP: 5/5
    26 | D:1      | Found Litto Maar's Book Shoppe.
   557 | D:1      | Reached XP level 2. HP: 10/13 MP: 6/6
   682 | D:1      | Learned a level 2 spell: Ensorcelled Hibernation
  1276 | D:2      | Found a faded altar of an unknown god.
  1279 | D:2      | Noticed Robin
  1326 | D:1      | Reached XP level 3. HP: 5/17 MP: 4/8
  2076 | D:2      | Noticed Sigmund
  2090 | D:2      | Killed from afar by Sigmund

Illustrated notes

Levels and vault maps discovered:
D:1:      giann_horns, layout_rooms, serial_shops, shop,
          chequers_serial_rivers_small_3, serial_bayou_ford_a
D:2:      layout_basic, shapermc_ecumenical_altar_gd, serial_rivers,
          chequers_serial_rivers_small_3, chequers_serial_rivers_micro_d,
          chequers_serial_rivers_small_b, chequers_serial_rivers_micro_a,
          uniq_robin, uniq_crazy_yiuf_cottage, uniq_sigmund

Skill      XL: |  1  2  3 |
---------------+----------+-----
Short Blades   | 2 |  2.6
Dodging        | 3 |  3.2
Spellcasting   | 3 |  3.1
Hexes          | 4 |  4.0
Fighting       | |  0.7
Stealth        | |  4.9

Action                   || total
-------------------------++-------
Melee: Dagger            ||   120
 Cast: Ensorcelled Hiber ||    21
  Use: Potion            ||     2
 Stab: Sleeping          ||    18
       Distracted        ||     1
Armor: Robe              ||    19
Dodge: Dodged            ||    74

Table legend: (Time is in decaauts)
 A = Elapsed time spent in this place.
 B = Non-inter-level travel time spent in this place.
 C = Inter-level travel time spent in this place.
 D = Time resting spent in this place.
 E = Time spent auto-exploring this place.
 F = Levels seen in this place.
 G = Mean time per level.
                   A        B        C        D        E       F      G
               +--------+--------+--------+--------+--------+-----+--------+
         Total |   1883 |   1870 |     13 |   1005 |    586 |   2 |  941.5 |
       Dungeon |   1883 |   1870 |     13 |   1005 |    586 |   2 |  941.5 |
               +--------+--------+--------+--------+--------+-----+--------+

Top non-repeatable levels by time:
     D:1: 1363 daAuts
     D:2: 520 daAuts
